 Dungeon Crawl Stone Soup version 0.29.0-7-g18a832c13a (webtiles) character file.

Game seed: 777362274534071604

9 sanka the Stinger (level 2, -1/20 HPs)
             Began as a Palentonga Venom Mage on Aug 31, 2022.
             Slain by a ball python (3 damage)
             ... on level 1 of the Dungeon.
             The game lasted 00:00:38 (261 turns).

sanka the Stinger (Palentonga Venom Mage)            Turns: 261, Time: 00:00:38

Health: -1/20      AC:  4    Str: 13    XL:     2   Next: 6%
Magic:  0/5        EV:  9    Int: 15    God:
Gold:   14         SH:  0    Dex: 10    Spells: 4/5 levels left

rFire   . . .      SeeInvis +   (no weapon)
rCold   . . .      Faith    .   (no shield)
rNeg    . . .      Spirit   .   a - +0 robe
rPois   .          Reflect  .   (no helmet)
rElec   .          Harm     .   (no cloak)
rCorr   .          Rampage  .   (no gloves)
Will    .....                   (no barding)
Stlth   +.........              (no amulet)
HPRegen 0.06/turn               (no ring)
MPRegen 0.09/turn               (no ring)

@: very slightly contaminated
A: large, rugged brown scales 3, see invisible, deformed body, roll 1, armoured
tail
a: Rolling Charge


You were on level 1 of the Dungeon.
You visited 1 branch of the dungeon, and saw 1 of its levels.

You collected 14 gold pieces.


Innate Abilities, Weirdness & Mutations

You are completely covered in rugged brown scales. (AC +3, +7% HP)
You have supernaturally acute eyesight. (SInv)
Armour fits poorly on your strangely shaped body.
You can roll at nearby foes to attack.
You have a long armoured tail.


   Skills:
 - Level 1.5 Dodging
 - Level 1.2 Stealth
 - Level 2.0 Spellcasting
 - Level 1.0 Transmutations
 + Level 0.0 Air Magic
 - Level 3.0 Poison Magic


You had 4 spell levels left.
You knew the following spells:

 Your Spells              Type           Power      Damage    Failure   Level
z - Sting                 Tmut/Pois      28%        1d4       10%         1

Your spell library contained the following spells:

 Spells                   Type           Power      Damage    Failure   Level
 Poisonous Vapours        Pois/Air       12%        N/A       19%         2
 Mephitic Cloud           Conj/Pois/Air  4%         N/A       41%         3
 Olgreb's Toxic Radiance  Pois           10%        N/A       54%         4

Inventory:

Armour
 a - a +0 robe (worn)
Scrolls
 c - 2 scrolls of identify {unknown}
 d - a scroll of fog {unknown}
Potions
 b - a potion of magic

Dungeon Overview and Level Annotations

Branches:
Dungeon (1/15)

Altars:

≈....£#......▒.÷...▒............
▒.....▒......▒.▒)........▒▒.....
+▒#≈≈▒▒........▒▒.........▒.....
......▒▒▒▒▒▒..▒▒▒...............
.▒▒▒......▒▒..▒ ▒........▒▒.....
▒▒......▒▒▒.▒ ▒...............
........▒▒▒.▒▒▒▒............£.
▒......▒▒..▒.S........▒▒▒▒...
▒.........▒▒H▒▒▒.............
▒......▒▒.▒..▒ ▒.....▒.......
▒......▒▒...▒▒ ▒.▒▒.......?..
▒▒▒▒▒▒▒▒▒....▒...▒▒▒▒▒.......
▒..▒▒.....▒ ▒....... ▒..▒▒▒▒.▒..
▒....... ....▒ ▒.▒▒▒ ▒▒....▒.
....▒▒ ▒.▒ ..▒▒.▒. ..▒▒ .▒▒ .▒


You could see a ball python.


Message History

You are frozen.
* * * LOW HITPOINT WARNING * * *
The endoplasm freezes you.
You are frozen.
* * * LOW HITPOINT WARNING * * *
You kill the endoplasm!
You have reached level 2!
You hit the endoplasm.
The endoplasm is moderately wounded.
The endoplasm freezes you.
You are frozen.
* * * LOW HITPOINT WARNING * * *
You hit the endoplasm.
The endoplasm is almost dead.
The endoplasm freezes you.
You are frozen.
* * * LOW HITPOINT WARNING * * *
You hit the endoplasm.
You kill the endoplasm!
The ball python hisses angrily.
Training target 3.0 for Poison Magic reached!
Your Poison Magic skill increases to level 3!
You need to enable at least one skill for training.
Unknown command.
You miscast Sting.
You are very lightly contaminated with residual magic.
Nothing appears to happen.
The sting misses the ball python.
The ball python bites you.
You die...

Action                   || total
-------------------------++-------
Melee: Unarmed           ||    19
       Tailslap          ||     2
 Cast: Sting             ||     7
Armor: Robe              ||     6
Dodge: Dodged            ||    11

Levels and vault maps discovered:
D:1:      dpeg_arrival_rooms_with_view, layout_rooms,
          dreamdust_ecumenical_altar_angels_and_demons, minmay_heptomino_h4

Notes
Turn   | Place    | Note
-------+----------+-------------------------------------------
     0 | D:1      | sanka the Palentonga Venom Mage began the quest for the
                  | Orb.
     0 | D:1      | Reached XP level 1. HP: 13/13 MP: 3/3
   245 | D:1      | Reached XP level 2. HP: 4/20 MP: 0/5
   246 | D:1      | HP: 1/20 [frozen (2)]
   248 | D:1      | Reached skill level 3 in Poison Magic
   261 | D:1      | Slain by a ball python

Vanquished Creatures
  A ball python (D:1)
  2 endoplasms (D:1)
  2 hobgoblins (D:1)
  A kobold (D:1)
  A frilled lizard (D:1)
  A rat (D:1)
8 creatures vanquished.
